 Dungeon Crawl Stone Soup version 0.22-a0-580-gd5db89c (webtiles) character file.

89 Gildenfire the Cutter (level 4, 0/27 HPs)
             Began as a Kobold Skald on July 2, 2018.
             Slain by Terence
             ... wielding a +0 trident
              (3 damage)
             ... on level 3 of the Dungeon.
             The game lasted 00:11:59 (1935 turns).

Gildenfire the Cutter (Kobold Skald)                Turns: 1935, Time: 00:12:00

Health: 0/27       AC:  4    Str:  8    XL:     4   Next: 84%
Magic:  5/7        EV: 15    Int: 14    God:
Gold:   73         SH:  0    Dex: 15    Spells: 5/8 levels left

rFire    . . .     SeeInvis .   a - +0 short sword
rCold    . . .     Gourm    .   (shield restricted)
rNeg     . . .     Faith    .   b - +0 leather armour
rPois    .         Spirit   .   (no helmet)
rElec    .         Reflect  .   (no cloak)
rCorr    .         Harm     .   (no gloves)
MR       .....                  k - +0 pair of boots
Stlth    ++........             (no amulet)
HPRegen  0.09/turn              f - ring of wizardry
MPRegen  0.10/turn              (no ring)

@: infused (expiring)
A: small, carnivore
a: no special abilities


You were on level 3 of the Dungeon.
You were very full.

You visited 1 branch of the dungeon, and saw 3 of its levels.

You collected 73 gold pieces.

Inventory:

Hand Weapons
 a - a +0 short sword (weapon)
Armour
 b - a +0 leather armour (worn)
 k - a +0 pair of boots (worn)
Jewellery
 f - a ring of wizardry (left hand)
Scrolls
 e - a scroll of teleportation {unknown}
 g - a scroll of amnesia
 m - a scroll of fog {unknown}
 n - a scroll of identify
Potions
 h - 2 potions of lignification {unknown}
 i - a potion of curing
 j - a potion of resistance
 l - a potion of degeneration {unknown}
Comestibles
 d - 3 rations


   Skills:
 + Level 2.7 Fighting
 + Level 3.2 Short Blades
 - Level 0.7 Armour
 + Level 3.0 Dodging
 + Level 1.7 Stealth
 + Level 2.6 Spellcasting
 * Level 3.2 Charms


You had 5 spell levels left.
You knew the following spells:

 Your Spells              Type           Power        Failure   Level  Hunger
a - Infusion              Chrm           ##..         3%          1    #......
b - Shroud of Golubria    Chrm/Tloc      #.........   10%         2    ###....

Your spell library contained the following spells:

 Spells                   Type           Power        Failure   Level  Hunger
 Confuse                  Hex            #.......     34%         3    ###....
 Regeneration             Chrm/Necr      #.........   19%         3    ###....
 Tukima's Dance           Hex            #.......     34%         3    ###....
 Ensorcelled Hibernation  Hex/Ice        #.....       19%         2    ###....
 Corona                   Hex            #......      13%         1    #......
 Dazzling Spray           Conj/Hex       #.....       34%         3    ###....
 Song of Slaying          Chrm           ##......     5%          2    ###....
 Spectral Weapon          Hex/Chrm       #.......     19%         3    ###....


Dungeon Overview and Level Annotations

Branches:
Dungeon (3/15)

Altars:
Ashenzari

Annotations:
D:3 Terence


Innate Abilities, Weirdness & Mutations

You are small and have problems with some larger weapons.
You are carnivorous and can eat meat at any time.


Message History

* * * LOW HITPOINT WARNING * * *
You hit Terence but do no damage.
Terence is heavily wounded.
Terence closely misses you.
You hit Terence.
Terence is severely wounded.
You hit Terence but do no damage.
Terence is severely wounded.
Terence barely misses you.
You hit Terence.
Terence is almost dead.
Terence barely misses you.
You hit Terence but do no damage.
Terence is almost dead.
Terence hits you but does no damage.
You closely miss Terence.
Terence is almost dead.
Your magical infusion is running out.
Terence hits you with a trident.
You die...

####..# ##
.....###..
......!...
##[........
#..........
#..........
#..........
#..@..?....
#..@.......
##.<.......
##.....#..
##...## .
..## ..#
###


You could see Terence.

Vanquished Creatures
  3 gnolls (D:2)
  2 worms (D:2)
  2 dart slugs (D:2)
  A leopard gecko (D:2)
  5 bats
  2 giant cockroaches
  4 goblins
  7 hobgoblins
  4 jackals (D:1)
  7 kobolds
  4 frilled lizards
  9 rats
50 creatures vanquished.

Notes
Turn   | Place    | Note
-------+----------+-------------------------------------------
     0 | D:1      | Gildenfire the Kobold Skald began the quest for the Orb.
     0 | D:1      | Reached XP level 1. HP: 12/12 MP: 3/3
   110 | D:1      | Reached XP level 2. HP: 16/17 MP: 3/5
   579 | D:1      | Reached skill level 1 in Stealth
   690 | D:1      | Reached XP level 3. HP: 19/22 MP: 3/6
   877 | D:1      | Learned a level 2 spell: Shroud of Golubria
  1034 | D:2      | Found a shattered altar of Ashenzari.
  1377 | D:2      | Reached XP level 4. HP: 25/27 MP: 7/7
  1889 | D:3      | Noticed Terence
  1927 | D:3      | Noticed a bullfrog
  1935 | D:3      | Slain by Terence

Vault maps used:
D:1:      minmay_arrival_doors
D:2:      nicolae_ashenzari_panopticon
D:3:      minivault_25, uniq_terence

Skill      XL: |  1  2  3  4 |
---------------+-------------+-----
Stealth        | 1 |  1.7
Charms         | 3 |  3.2
Short Blades   | 3 |  3.2
Dodging        | 3 |  3.0
Fighting       | |  2.7
Armour         | |  0.7
Spellcasting   | |  2.6

Action                   |  1- 3 |  4- 6 || total
-------------------------+-------+-------++-------
Melee: Short sword       |   120 |   105 ||   225
 Cast: Infusion          |    12 |     4 ||    16
       Shroud of Golubri |     2 |     3 ||     5
  Use: Scroll            |     3 |     1 ||     4
       Potion            |     1 |     3 ||     4
 Stab: Sleeping          |     1 |     1 ||     2
  Eat: Chunk             |    10 |     2 ||    12
Armor: Leather armour    |    22 |    17 ||    39
Dodge: Dodged            |    89 |    72 ||   161

Table legend:
 A = Spawn XP
 B = Non-spawn XP
 C = Spawn XP percentage of total XP
 D = Spawn monster count
 E = Non-spawn monster count
 F = Spawn count percentage of total count
 G = Total turns spent on level
                    A         B        C        D         E        F      G
               +---------+---------+-------+---------+---------+-------+---------
         Total |       0 |     128 |   0.0 |       0 |      50 |   0.0 |  1935
               +---------+---------+-------+---------+---------+-------+---------
           D:1 |       0 |      41 |   0.0 |       0 |      26 |   0.0 |   921
           D:2 |       0 |      86 |   0.0 |       0 |      23 |   0.0 |   968
           D:3 |       0 |       1 |   0.0 |       0 |       1 |   0.0 |    46
               +---------+---------+-------+---------+---------+-------+---------
